 Dungeon Crawl Stone Soup version 0.28.0-43-g3370ac3207 (webtiles) character file.

Game seed: 448082309420643747

350 Pinkishskies the Magician (level 6, -8/40 HPs)
             Began as a Djinni Fire Elementalist on Mar 12, 2022.
             Shot with an arrow by a centaur (14 damage)
             ... on level 5 of the Dungeon.
             The game lasted 00:11:46 (5590 turns).

Pinkishskies the Magician (DjFE)                    Turns: 5590, Time: 00:11:47

Health: -8/40      AC:  3    Str:  7    XL:     6   Next: 92%
Gold:   243        EV: 12    Int: 18    God:
                   SH:  0    Dex: 14

rFire   + + +      SeeInvis .   l - staff of fire
rCold   x . .      Faith    .   (no shield)
rNeg    . . .      Spirit   .   f - +0 leather armour
rPois   ∞          Reflect  .   (no helmet)
rElec   .          Harm     .   (no cloak)
rCorr   .          Rampage  .   (no gloves)
Will    .....                   (boots unavailable)
Stlth   ++........              (no amulet)
HPRegen 0.13/turn               (no ring)
MPRegen 0.00/turn               (no ring)

@: flying
A: sickness immunity, fire resistance 2, cold vulnerability 1, float, innate
caster, HP casting, extra vitality 1
a: no special abilities


You were on level 5 of the Dungeon.
You visited 1 branch of the dungeon, and saw 6 of its levels.

You collected 243 gold pieces.

Inventory:

Missiles
 n - a throwing net
Armour
 a - a +0 robe
 f - a +0 leather armour (worn)
Magical Staves
 l - a staff of fire (weapon)
Scrolls
 c - 3 scrolls of identify {unknown}
 e - a scroll of brand weapon {unknown}
 g - 3 scrolls of magic mapping {unknown}
 h - a scroll of immolation {unknown}
 k - a scroll of enchant weapon {unknown}
 m - a scroll of vulnerability {unknown}
Potions
 b - a potion of lignification {unknown}
 d - 2 potions of curing {unknown}
 i - a potion of attraction {unknown}
 j - a potion of degeneration {unknown}


   Skills:
 + Level 0.2 Fighting
 + Level 1.6 Armour
 + Level 2.4 Dodging
 + Level 1.9 Stealth
 + Level 5.1 Spellcasting


You couldn't memorise any spells.
You knew the following spells:

 Your Spells              Type           Power      Damage    Failure   Level
a - Foxfire               Conj/Fire      100%       2x1d9     2%          1
b - Scorch                Fire           68%        2d8       3%          2
c - Conjure Flame         Conj/Fire      34%        6-21      7%          3
d - Inner Flame           Hex/Fire       34%        N/A       7%          3
e - Flame Wave            Conj/Fire      34%        2d8       22%         4
f - Summon Small Mammal   Summ           92%        N/A       2%          1
g - Ensorcelled Hibernat  Hex/Ice        46%        N/A       3%          2
Your spell library was empty.

Dungeon Overview and Level Annotations

Branches:
Dungeon (6/15)
 Temple: D:4-7

Altars:
Trog
Uskayaw
Yredelemnul


Innate Abilities, Weirdness & Mutations

You are immune to sickness and miasma.
You are immune to poison.
Your flesh is very heat resistant. (rF++)
You are vulnerable to cold. (rC-)
You float through the air rather than walking.
You learn spells naturally, not from books.
Your magical power is your life essence.
You have superior vitality. (+4 MHP)


Message History

The centaur shoots an arrow.
The arrow hits your quokka!
Your quokka dies!
Your quokka's corpse disappears in a puff of smoke!
Your magical contamination has completely faded away.
Your foxfire dissipates!
Your foxfire dissipates!
The centaur shoots an arrow.
The arrow misses you.
The centaur shoots an arrow.
The arrow barely misses you.
The centaur shoots an arrow.
The arrow hits you!
* * * LOW HITPOINT WARNING * * *
The centaur shoots an arrow.
The arrow barely misses you.
There is a stone staircase leading down here.
Unknown command.
You can't go up here!
The centaur shoots an arrow.
The arrow closely misses you.
You fly downwards.
Found a leather armour and a short sword.
Found a stone staircase leading down.
There is a stone staircase leading up here.
You start resting.
HP restored.
You fly upwards.
The centaur shoots an arrow.
The arrow completely misses you.
The centaur shoots an arrow.
The arrow hits you!
There is a stone staircase leading down here.
You feel a surge of power!
You conjure some foxfire!
You feel a surge of power!
You conjure some foxfire!
The foxfire hits the centaur but does no damage.
The foxfire hits the centaur.
The centaur is moderately wounded.
The centaur shoots an arrow.
The arrow hits you!
* * * LOW HITPOINT WARNING * * *
You can't go up here!
The foxfire hits the centaur.
The centaur is moderately wounded.
The foxfire hits the centaur but does no damage.
The centaur is moderately wounded.
The centaur shoots an arrow.
The arrow hits you.
* * * LOW HITPOINT WARNING * * *
The centaur shoots an arrow.
The arrow hits you!
You die...

######## #......#
#......# ###########
###......###..[....<.#
#.c......##....)########
#.####..........'.......
##.#
##.c#.#..##.)...)...
#..#
#...._...####.......
#..## #^#@§..###
#......#
#†c.......§§§###
#.....##
..c....#.#####...
#....##≈ #####... ####.#
#...##≈≈ #.# # #..##§§§
#. #.##§§§# .. ###≈ §##
§≈§# ≈≈


You could see a centaur.

Vanquished Creatures
  A scorpion (D:4)
  A gnoll shaman (D:5)
  Natasha (twice) (D:3)
  An orc wizard (D:5)
  A howler monkey zombie (D:3)
  2 adders
  A worm (D:2)
  2 dart slugs (D:2)
  6 orcs
  3 bats (D:1)
  3 endoplasms
  3 giant cockroaches
  10 goblins
  4 hobgoblins
  6 jackals
  5 kobolds
  3 quokkas
  5 ball pythons
  2 frilled lizards (D:2)
  3 rats
64 creatures vanquished.

Vanquished Creatures (collateral kills)
  A howler monkey (D:4)
  Natasha (D:3)
  An adder (D:3)
  An orc (D:3)
  A jackal (D:4)
  A goblin (D:4)
  A rat (D:3)
  9 foxfires (D:2)
16 creatures vanquished.

Vanquished Creatures (others)
  205 foxfires
  2 plants (D:2)
207 creatures vanquished.

Grand Total: 287 creatures vanquished

Notes
Turn   | Place    | Note
-------+----------+-------------------------------------------
     0 | D:1      | Pinkishskies the Djinni Fire Elementalist began the quest
                  | for the Orb.
     0 | D:1      | Reached XP level 1. HP: 15/15 MP: 0/0
   117 | D:1      | Found a faded altar of an unknown god.
   121 | D:1      | Reached XP level 2. HP: 11/21 MP: 0/0
   802 | D:1      | Reached skill level 3 in Spellcasting
   918 | D:1      | Reached XP level 3. HP: 23/25 MP: 0/0
   918 | D:1      | Learned a level 1 spell: Summon Small Mammal
  1773 | D:2      | Reached XP level 4. HP: 17/31 MP: 0/0
  2154 | D:2      | Found a bloodstained altar of Trog.
  2632 | D:3      | Found a hide-covered altar of Uskayaw.
  2652 | D:3      | Noticed Natasha
  2658 | D:3      | Killed Natasha
  2659 | D:3      | Reached skill level 4 in Spellcasting
  2659 | D:3      | Reached XP level 5. HP: 17/35 MP: 0/0
  2659 | D:3      | Learned a level 2 spell: Ensorcelled Hibernation
  3071 | D:3      | Noticed Natasha
  3076 | D:3      | Killed Natasha
  3353 | D:3      | Noticed Natasha
  3369 | D:3      | Killed Natasha
  4198 | D:4      | Reached XP level 6. HP: 8/40 MP: 0/0
  4339 | D:4      | Reached skill level 1 in Armour
  4556 | D:4      | Reached skill level 5 in Spellcasting
  5151 | D:5      | Entered Level 5 of the Dungeon
  5154 | D:5      | Found a basalt altar of Yredelemnul.
  5246 | D:5      | Noticed an ogre
  5590 | D:5      | Shot with an arrow by a centaur

Illustrated notes

Levels and vault maps discovered:
D:1:      giann_horns, layout_loops_cross, dreamdust_ecumenical_altar_statues
D:2:      layout_rooms, basic_altar, serial_forest,
          infiniplex_forest_end_double, infiniplex_forest_3_way,
          infiniplex_forest_zigzag_1, infiniplex_forest_end_1,
          infiniplex_forest_clump_medium, infiniplex_forest_straight_3,
          infiniplex_forest_lined_3
D:3:      layout_basic, mainiacjoe_overflow_six_doors_small, uniq_natasha
D:4:      layout_loops_ring
D:5:      layout_rooms, serial_shops, kennysheep_mini, hangedman_feature_mirror,
          kennysheep_opposing_triangles
D:6:      layout_rooms, mainiacjoe_overflow_alcove_1, lemuel_round_altar,
          minmay_temple_entry_tees, minmay_hedge_maze, uniq_duvessa,
          uniq_eustachio

Skill      XL: |  1  2  3  4  5  6 |
---------------+-------------------+-----
Spellcasting   | 3 4 5 |  5.1
Armour         | 1 |  1.6
Fighting       | |  0.2
Dodging        | |  2.4
Stealth        | |  1.9

Action                   |  1- 3 |  4- 6 || total
-------------------------+-------+-------++-------
 Cast: Foxfire           |    53 |    96 ||   149
       Scorch            |    13 |    16 ||    29
       Summon Small Mamm |    17 |    33 ||    50
       Ensorcelled Hiber |       |     4 ||     4
Armor: Robe              |     2 |     1 ||     3
Dodge: Dodged            |     7 |    19 ||    26
